 Dungeon Crawl Stone Soup version 0.32-a0-314-g526f7d4993 (webtiles) character file.

Game seed: 4392993477002142259

554 kae the Changeling (level 7, 0/7 HPs)
             Began as a Demonspawn Shapeshifter on Feb 15, 2024.
             Killed from afar by an orc wizard (7 damage)
             ... with a magic dart
             ... on level 5 of the Dungeon.
             The game lasted 00:07:22 (5598 turns).

kae the Changeling (Demonspawn Shapeshifter)        Turns: 5598, Time: 00:07:23

Health: 0/7        AC:  9    Str: 25    XL:     7   Next: 8%
Magic:  7/7        EV:  8    Int: 10    God:
Gold:   212        SH:  0    Dex: 14    Spells: 6/6 levels left

rFire   + +          .
                       - Unarmed
rCold   x . .        (shield currently unavailable)
rNeg    + . .        a - melded +0 animal skin
rPois   +            (helmet currently unavailable)
rElec   .            (cloak currently unavailable)
rCorr   .            (gloves currently unavailable)
SInv    .            (boots currently unavailable)
Will    .....        (no amulet)
Stlth   +            e - ring "Himegusy" {rPois AC+4}
HPRegen 0.21/turn    N - ring of positive energy
MPRegen 0.20/turn

%: no passive effects
@: short of breath, dragon-form, flying, studying Short Blades
A: dragon claw, dragon scales, breathe fire, flying, reduced hp, giant, (hooves
1), (large bone plates 1), foul stench 2, magic regeneration
a: Breathe Fire, Begin Untransformation


You were on level 5 of the Dungeon.
You were a fearsome dragon!
You visited 1 branch of the dungeon, and saw 5 of its levels.

You collected 212 gold pieces.


Innate Abilities, Weirdness & Mutations

You are a fearsome dragon!
You have a powerful clawing attack.
Your giant scaled body is strong and resilient, but less evasive.
You can breathe fire.
You are flying.
Your maximum health is decreased, since you lack skill for your form.
Your armour is entirely melded.
You are incapable of wielding weapons or throwing items.
((You have large cloven feet.))
((You are partially covered in large bone plates. (SH +4)))
You sometimes emit foul miasma when damaged in melee.
You regenerate magic rapidly.


   Skills:
 - Level 1.0 Fighting
 - Level 1.7 Dodging
 - Level 2.6 Unarmed Combat
 + Level 6.9 Shapeshifting


You had 6 spell levels left.
You didn't know any spells.
Your spell library contained the following spells:

 Spells                   Type           Power      Damage    Failure   Level
 Apportation              Tloc           0%         N/A       36%         1
 Necrotise                Necr           0%         1d4       36%         1
 Sting                    Conj/Alch      0%         1d3       36%         1
 Summon Small Mammal      Summ           0%         N/A       36%         1
 Ensorcelled Hibernation  Hex/Ice        0%         N/A       50%         2
 Jinxbite                 Hex            0%         N/A       50%         2
 Static Discharge         Conj/Air       0%         3-3/arc   50%         2
 Passwall                 Erth           0%         N/A       75%         3
 Swiftness                Air            0%         N/A       75%         3
 Airstrike                Air            0%         2d(0-16)  98%         4
 Summon Lightning Spire   Summ/Air       0%         N/A       98%         4
 Alistair's Intoxication  Alch           0%         N/A       100%        5

Inventory:

Missiles
 g - 14 poisoned darts (quivered)
 h - 10 stones
Armour
 a - a +0 animal skin (melded)
 j - a +2 pair of gloves of stealth
   (You found it on level 2 of the Dungeon)
Jewellery
 e - the ring "Himegusy" (left foreclaw) {rPois AC+4}
   (You found it on level 4 of the Dungeon)

   [ring of protection]

   AC+4:      It affects your AC (+4).
   rPois:     It protects you from poison
 v - a ring of see invisible
   (You found it on level 1 of the Dungeon)
 N - a ring of positive energy (right foreclaw)
   (You found it on level 2 of the Dungeon)
 Z - a ring of wizardry
   (You found it on level 1 of the Dungeon)
Talismans
 c - a beast talisman
 d - a flux talisman
 i - a dragon-blood talisman (active)
   (You found it on level 1 of the Dungeon)
Wands
 u - a wand of charming (11)
   (You found it on level 3 of the Dungeon)
Scrolls
 k - 3 scrolls of enchant weapon
 p - a scroll of identify {@r1}
 q - 2 scrolls of vulnerability {!r!r}
Potions
 b - a potion of lignification {!q}
 f - a potion of mutation {!q}
 l - a potion of brilliance
 m - a potion of degeneration {unknown}
 n - a potion of resistance {unknown}
 o - a potion of enlightenment
 r - a potion of berserk rage {unknown}
 s - a potion of curing {@q1}

Dungeon Overview and Level Annotations

Branches:
Dungeon (5/15) Zot: 24403  Temple (0/1) D:4

Altars:
Dithmenos
Fedhas
Trog

Annotations:
D:4 2 runed translucent doors, Blork the orc; Pargi; avgcrawlenjoyer's ghost, amateur DsDe
D:5 3 runed translucent doors, Menkaure; Nebesus's ghost, novice AtFi

. ## ##### ..
.##########...#####<
...................
###########......#
#.....D######### #########
#..............#.#.#
#.[.....###..............#....
#........................##..
#........##+++##.........##..
#.......##.KKKW##........##.# .
........#.#KKK#K#........##.# .#
........#⌠.#.#KK#......o.##.##..#
........#.#...#.#....)...........


You could see a kobold brigand, an orc wizard, Nebesus's ghost and 8 kobolds.


Message History

You now have 39 max hp (-4).
Unknown command.
There is an escape hatch in the ceiling here.
A mysterious force pulls you upwards. The hatch slams shut behind you.
Level annotation: 2 runed translucent doors, Blork the orc; Pargi; avgcrawlenjoyer's ghost, amateur DsDe You begin transforming.
You continue transforming. x3
Your transformation has ended.
Your +0 animal skin unmelds from your body.
You turn into a fearsome dragon!
Your +0 animal skin melds into your body. 😎 HP[-33]
You now have 6 max hp (-33).
Unknown command.
Unknown command.
Okay, then.
Okay, then.
You reach down and open the door.
There is an open door here.
Things that are here:
a +0 hand axe; a gnoll skeleton
There is an escape hatch in the floor here.
There is a stone staircase leading down here.
For a moment, avgcrawlenjoyer's ghost blends into the shadows.
Could not explore, unopened runed door.
Could not explore, unopened runed door.
There is a stone staircase leading down here.
You fly downwards.
Level annotation: 3 runed translucent doors, Menkaure; Nebesus's ghost, novice AtFi
There is a stone staircase leading up here.
A water moccasin is nearby!
Unknown command.
Aiming: Breathe Fire (1% risk of failure)
Press: ? - help, Shift-Dir - straight line You breathe a blast of fire.
The fiery breath hits the water moccasin!
The water moccasin hisses angrily.
The water moccasin is engulfed in blazing flames.
The water moccasin bites you.
The water moccasin is engulfed in blazing flames.
You kill the water moccasin! 😕 HP[-1]
You take 1 damage, and now have 5/6 hp.
Unknown command.
Unknown command.
You start resting. 😎 HP[+1]
Your hp is fully restored (6).
Okay, then.
You have got your breath back.
The kobold shouts! x6
Nebesus's ghost turns its malevolent gaze towards you.
The kobold shouts!
Nebesus's ghost says, "I am invincible!"
Found a stone staircase leading up.
An ogre comes into view. It is wielding a +0 giant spiked club.
An ogre is nearby!
An ogre is nearby!
Okay, then.
Aiming: Breathe Fire (1% risk of failure)
Press: ? - help, Shift-Dir - straight line, f - you
Okay, then.
Unknown command.
Unknown command.
Aiming: Breathe Fire (1% risk of failure)
Press: ? - help, Shift-Dir - straight line, f - ogre
Aim: an ogre, wielding a +0 giant spiked club (asleep, 100% to hit)
You breathe a blast of fire.
The fiery breath hits the ogre!
The ogre is engulfed in blazing flames.
You kill the ogre!
You have reached level 7!
Your demonic ancestry asserts itself...
Your feet thicken and deform. 😎 HP[+1] MP[+1]
You now have 7 max hp (+1).
Your hp is fully restored (7).
Your mp is fully restored (7).
You have got your breath back.
There is a stone staircase leading up here.
Nebesus's ghost whispers, "You will understand me better in a moment."
Key pressed, stopping explore.
p - a scroll of identify {@r1} An orc and a kobold come into view.
The kobold is wielding a +0 short sword and quivering poisoned darts.
The orc shouts!
The kobold shouts!
An orc wizard comes into view. It is wielding a +0 dagger.
There are monsters nearby!
The orc wizard shouts!
Aiming: Breathe Fire (1% risk of failure)
Press: ? - help, Shift-Dir - straight line, f - orc
Aim: an orc, wielding a +0 dagger (71% to hit)
You breathe a blast of fire.
The fiery breath hits the orc!!
You kill the orc!
The fiery breath misses the kobold.
The kobold is engulfed in blazing flames.
You kill the kobold!
The orc wizard gestures at you while chanting.
You resist with some effort. The orc wizard casts a spell at you.
The magic dart hits you!
Ouch! That really hurt!
You die...

Skill      XL: |  1  2  3  4  5  6 |
---------------+-------------------+-----
Shapeshifting  | 3 4 5 6 |  6.9
Fighting       | |  1.0
Dodging        | |  1.7
Unarmed Combat | |  2.6

Action                     |  1- 3 |  4- 6 |  7- 9 || total
---------------------------+-------+-------+-------++-------
  Melee: Unarmed           |    77 |   182 |       ||   259
         Punch             |       |     5 |       ||     5
Ability: Breathe Fire      |       |     2 |     1 ||     3
    Use: Scroll            |     1 |    13 |       ||    14
         Potion            |       |     2 |       ||     2
   Stab: Sleeping          |     2 |       |       ||     2
 Armour: Animal skin       |    41 |    92 |       ||   133
         Skin              |       |     1 |     1 ||     2
  Dodge: Dodged            |    36 |   115 |       ||   151
  Block: Other             |       |     6 |       ||     6
   Form: Dragon            |       |     1 |       ||     1
         Flux              |       |     1 |       ||     1

Levels and vault maps discovered:
D:1:      roadster_arrival_rocket_small, layout_basic
D:2:      wad_river_or_something, layout_basic
D:3:      layout_basic, trog_antimagical, ebering_ecumenical_altar_rust,
          uniq_robin
D:4:      layout_loops_corners, mainiacjoe_overflow_cross_hatched,
          minmay_temple_entry_from_below_b, ebering_ghost_disaster_area,
          minmay_manual_monolith, uniq_pargi, uniq_blork_the_orc
D:5:      layout_basic, general_overflow_altar, gammafunk_ghost_nasty_kobolds,
          roderic_serpentine_path, uniq_eustachio, uniq_menkaure

Notes
Turn   | Place    | Note
-------+----------+-------------------------------------------
     0 | D:1      | kae the Demonspawn Shapeshifter began the quest for the
                  | Orb.
     0 | D:1      | Reached XP level 1. HP: 15/15 MP: 1/1
     0 | D:1      | magus.rc [v1.11.3]
    50 | D:1      | Reached skill level 3 in Shapeshifting
    79 | D:1      | Gained mutation: You may rarely emit foul miasma when
                  | damaged in melee. [demonic ancestry]
    79 | D:1      | Reached XP level 2. HP: 18/21 MP: 2/2
   476 | D:1      | Gained mutation: You regenerate magic rapidly. [demonic
                  | ancestry]
   476 | D:1      | Reached XP level 3. HP: 24/26 MP: 3/3
   624 | D:1      | You pick up a book of Cantrips and begin reading...
   624 | D:1      | You add the spells Sting, Necrotise, Summon Small Mammal
                  | and Apportation to your library.
  1066 | D:2      | Reached skill level 4 in Shapeshifting
  1319 | D:2      | Gained mutation: You sometimes emit foul miasma when
                  | damaged in melee. [demonic ancestry]
  1319 | D:2      | Reached XP level 4. HP: 21/32 MP: 4/4
  1662 | D:2      | HP: 8/32 [poisoned by an adder]
  2095 | D:1      | Reached XP level 5. HP: 37/37 MP: 5/5
  2106 | D:2      | Reached skill level 5 in Shapeshifting
  2290 | D:2      | You pick up a book of Storms and begin reading...
  2290 | D:2      | You add the spells Static Discharge, Airstrike and Summon
                  | Lightning Spire to your library.
  2678 | D:3      | Noticed Robin
  3061 | D:3      | Killed Robin
  3085 | D:3      | You pick up a book of Burglary and begin reading...
  3085 | D:3      | You add the spells Ensorcelled Hibernation, Swiftness and
                  | Passwall to your library.
  3299 | D:3      | Found a faded altar of an unknown god.
  3583 | D:3      | Found a bloodstained altar of Trog.
  3902 | D:4      | Found a shadowy altar of Dithmenos.
  3938 | D:4      | Noticed Blork the orc
  4018 | D:4      | Noticed Pargi
  4053 | D:4      | Noticed an ogre
  4364 | D:4      | HP: 9/37 [scorpion (4)]
  4366 | D:4      | Gained mutation: You are partially covered in large bone
                  | plates. (SH +4) [demonic ancestry]
  4366 | D:4      | Reached XP level 6. HP: 23/43 MP: 6/6
  4370 | D:4      | HP: 6/43 [gnoll/+0 spear (6)]
  4393 | D:4      | HP: 6/43 [gnoll/+0 spear (5)]
  4397 | D:4      | Reached skill level 6 in Shapeshifting
  4697 | D:4      | Found a staircase to the Ecumenical Temple.
  4731 | D:4      | Found a large runed translucent door.
  4732 | D:4      | Found a large runed translucent door.
  4750 | D:4      | Identified the ring "Himegusy" {rPois AC+4}
  4785 | D:4      | Noticed avgcrawlenjoyer's ghost (amateur DsDe)
  5291 | D:5      | Entered Level 5 of the Dungeon
  5316 | D:5      | Found a runed translucent gate.
  5317 | D:5      | Found a runed translucent gate.
  5317 | D:5      | Noticed Nebesus's ghost (novice AtFi)
  5318 | D:5      | Found a runed translucent gate.
  5352 | D:5      | Found a blossoming altar of Fedhas.
  5379 | D:5      | Noticed Menkaure
  5402 | D:5      | You pick up a book of Party Tricks and begin reading...
  5402 | D:5      | You add the spells Jinxbite and Alistair's Intoxication to
                  | your library.
  5411 | D:5      | Noticed a water moccasin
  5521 | D:5      | Killed a water moccasin
  5542 | D:5      | Gained mutation: You have large cloven feet. [demonic
                  | ancestry]
  5542 | D:5      | Reached XP level 7. HP: 7/48 MP: 7/7
  5598 | D:5      | Killed from afar by an orc wizard

Vanquished Creatures
  A water moccasin (D:5)
  An ogre (D:5)
  A scorpion (D:4)
  An iguana (D:5)
  Robin (D:3)
  9 gnolls
  3 adders (D:2)
  4 dart slugs
  2 ribbon worms (D:2)
  5 orcs
  7 endoplasms
  4 giant cockroaches
  3 hobgoblins
  3 quokkas
  7 ball pythons
  7 bats
  5 frilled lizards (D:1)
  17 goblins
  4 kobolds
  8 rats
93 creatures vanquished.

Table legend:
 A = Non-vault XP
 B = Vault XP
 C = Vault XP percentage of total XP
 D = Non-vault monster count
 E = Vault monster count
 F = Vault count percentage of total count
                 A         B        C        D         E       F
            +---------+---------+-------+---------+---------+-------
      Total |     595 |     197 |  24.9 |      65 |      28 |  30.1
            +---------+---------+-------+---------+---------+-------
        D:1 |      73 |       0 |   0.0 |      23 |       0 |   0.0
        D:2 |     115 |      49 |  29.9 |      20 |      13 |  39.4
        D:3 |      28 |      55 |  66.3 |       9 |      11 |  55.0
        D:4 |      75 |      93 |  55.4 |       8 |       4 |  33.3
        D:5 |     304 |       0 |   0.0 |       5 |       0 |   0.0
            +---------+---------+-------+---------+---------+-------

Skill      XL: |  1  2  3  4  5  6 |
---------------+-------------------+-----
Shapeshifting  | 3 4 5 6 |  6.9
Fighting       | |  1.0
Dodging        | |  1.7
Unarmed Combat | |  2.6

Action                     |  1- 3 |  4- 6 |  7- 9 || total
---------------------------+-------+-------+-------++-------
  Melee: Unarmed           |    77 |   182 |       ||   259
         Punch             |       |     5 |       ||     5
Ability: Breathe Fire      |       |     2 |     1 ||     3
    Use: Scroll            |     1 |    13 |       ||    14
         Potion            |       |     2 |       ||     2
   Stab: Sleeping          |     2 |       |       ||     2
 Armour: Animal skin       |    41 |    92 |       ||   133
         Skin              |       |     1 |     1 ||     2
  Dodge: Dodged            |    36 |   115 |       ||   151
  Block: Other             |       |     6 |       ||     6
   Form: Dragon            |       |     1 |       ||     1
         Flux              |       |     1 |       ||     1

Illustrated notes

Table legend:
 A = Kills in this place as a percentage of kills in the entire game.
 B = Kills by you in this place as a percentage of kills by you in the entire game.
 C = Kills by friends in this place as a percentage of kills by friends in the entire game.
 D = Other kills in this place as a percentage of other kills in the entire game.
 E = Experience gained in this place as a percentage of experience gained in the entire game.
 F = Experience gained in this place divided by the number of levels of this place that you have seen.
                   A       B       C       D       E      F
               +-------+-------+-------+-------+-------+----------------------
         Total | 100.0 | 100.0 |   N/A |   N/A | 100.0 | 158.4
       Dungeon | 100.0 | 100.0 |   N/A |   N/A | 100.0 | 158.4
               +-------+-------+-------+-------+-------+----------------------

Table legend: (Time is in decaauts)
 A = Elapsed time spent in this place.
 B = Non-inter-level travel time spent in this place.
 C = Inter-level travel time spent in this place.
 D = Time resting spent in this place.
 E = Time spent auto-exploring this place.
 F = Levels seen in this place.
 G = Mean time per level.
                   A        B        C        D        E       F      G
               +--------+--------+--------+--------+--------+-----+--------+
         Total |   5596 |   5243 |    353 |    678 |   3570 |   5 | 1119.2 |
       Dungeon |   5596 |   5243 |    353 |    678 |   3570 |   5 | 1119.2 |
               +--------+--------+--------+--------+--------+-----+--------+

Top non-repeatable levels by time:
     D:2: 1993 daAuts
     D:4: 1432 daAuts
     D:1: 1083 daAuts
     D:3: 867 daAuts
     D:5: 218 daAuts
